 Dungeon Crawl Stone Soup version 0.29.0-4-gdea44cf6ec (webtiles) character file.

Game seed: 6991627007153225471

93 qw the Chopper (level 4, -1/35 HPs)
             Began as a Demonspawn Cinder Acolyte on Sept 9, 2022.
             Was a High Priest of Ignis.
             Slain by an iguana (9 damage)
             ... on level 2 of the Dungeon.
             The game lasted 00:00:27 (1838 turns).

qw the Chopper (Demonspawn Cinder Acolyte)          Turns: 1838, Time: 00:00:28

Health: -1/35      AC: 18    Str: 16    XL:     4   Next: 36%
Magic:  5/5        EV:  6    Int: 15    God:    Ignis [*****.]
Gold:   55         SH:  0    Dex:  9    Spells: 5/5 levels left

rFire   + . .      SeeInvis .   Y - -1 hand axe (freeze)
rCold   . . .      Faith    .   (no shield)
rNeg    . . .      Spirit   .   j - +1 chain mail {rPois}
rPois   +          Reflect  .   a - +0 helmet
rElec   .          Harm     .   h - +0 cloak
rCorr   .          Rampage  .   (no gloves)
Will    .....                   (no boots)
Stlth   ..........              (no amulet)
HPRegen 0.11/turn               (no ring)
MPRegen 0.09/turn               (no ring)

@: fiery-armoured
A: hooves 2, ignite blood 1
a: Renounce Religion, Fiery Armour, Foxfire Swarm, Rising Flame


You were on level 2 of the Dungeon.
You worshipped Ignis.
Ignis was extremely pleased with you.
You visited 1 branch of the dungeon, and saw 2 of its levels.

You collected 55 gold pieces.


Innate Abilities, Weirdness & Mutations

You have hoof-like feet.
Your demonic aura sometimes causes spilled blood to erupt in flames.


   Skills:
 - Level 3.0 Fighting
 + Level 4.3 Axes
 - Level 1.6 Armour
 - Level 1.0 Spellcasting
 - Level 2.6 Fire Magic


You had 5 spell levels left.
You didn't know any spells.
Your spell library contained the following spells:

 Spells                   Type           Power      Damage    Failure   Level
 Scorch                   Fire           16%        2d6       93%         2

Inventory:

Hand Weapons
 Y - a -1 hand axe of freezing (weapon)
Armour
 a - a +0 helmet (worn)
 h - a +0 cloak (worn)
 j - a +1 chain mail of poison resistance (worn)
Scrolls
 b - a scroll of teleportation {unknown}
Potions
 c - a potion of heal wounds {unknown}
 e - a potion of curing {unknown}
 g - a potion of brilliance {unknown}
 i - a potion of haste {unknown}

Dungeon Overview and Level Annotations

Branches:
Dungeon (2/15)

Altars:


Message History

The adder is severely wounded.
You closely miss the iguana.
The adder is no longer moving slowly.
The iguana closely misses you.
You barely miss the adder.
The adder is severely wounded.
You closely miss the iguana. The adder bites you but does no damage.
The iguana bites you. The adder completely misses you.
You closely miss the adder. Your kick misses the adder.
The adder is severely wounded.
You hit the iguana but do no damage. The iguana bites you.
The adder bites you but does no damage.
You closely miss the adder. You kick the adder.
The adder is severely wounded.
You hit the iguana but do no damage. The adder closely misses you.
The iguana bites you! The adder barely misses you.
1834 ||| INVOKING Fiery Armour.
A protective cloak of flame settles atop you.
The iguana bites you but does no damage.
The adder bites you but does no damage.
The adder is burned by your cloak of flames.
You kill the adder!
You hit the iguana. You freeze the iguana. You kick the iguana.
The iguana is heavily wounded.
The iguana bites you but does no damage.
The iguana bites you.
The iguana is burned by your cloak of flames.
The iguana is heavily wounded.
You hit the iguana. You freeze the iguana. Your kick misses the iguana.
The iguana is severely wounded.
The iguana bites you but does no damage.
The iguana is burned by your cloak of flames.
The iguana is almost dead.
You barely miss the iguana.
The iguana is almost dead.
The iguana bites you but does no damage.
You barely miss the iguana.
The iguana is severely wounded.
The iguana bites you!
You die...

#.#...# #..#
...###.#...###..####
....................
........>.#........ #
##.....#..#%%.......
##.##......#.....##.....
.......$...%.....##.....
.?..............###...(.
....#%@.....#.####.....
......l.....##.##.......
.....#......##..........
....#......###...##....
..#..........#.###.....
..............%........
..##..................
.. #.####.#...........
#. #.#.#######...


You could see an iguana.

Vanquished Creatures
  Natasha (twice) (D:2)
  2 adders (D:2)
  6 ball pythons
  3 endoplasms (D:1)
  2 giant cockroaches (D:1)
  3 goblins (D:1)
  2 hobgoblins
  2 kobolds (D:1)
  2 frilled lizards
  A rat (D:1)
25 creatures vanquished.

Notes
Turn   | Place    | Note
-------+----------+-------------------------------------------
     0 | D:1      | qw the Demonspawn Cinder Acolyte began the quest for the
                  | Orb.
     0 | D:1      | Reached XP level 1. HP: 18/18 MP: 2/2
     0 | D:1      | 0 ||| qw: Version: 0.1-a-113-g051387a
     0 | D:1      | 0 ||| qw: Game counter: 6957
     0 | D:1      | 0 ||| qw: Always use a shield: true
     0 | D:1      | 0 ||| qw: God list: Okawaru
     0 | D:1      | 0 ||| qw: Allow faded altars: false
     0 | D:1      | 0 ||| qw: Do Orc after D:15 true
     0 | D:1      | 0 ||| qw: Do second Lair branch before Depths: true
     0 | D:1      | 0 ||| qw: Lair rune preference: random
     0 | D:1      | 0 ||| qw: Plans: Normal
     0 | D:1      | 0 ||| PLANNING D:1-11
    16 | D:1      | 16 ||| Stepping randomly (stuck).
    26 | D:1      | 26 ||| READING scroll labelled PEMIOT WEAGG.
    27 | D:1      | 27 ||| Stepping randomly (stuck).
    35 | D:1      | 35 ||| INVOKING Fiery Armour.
   281 | D:1      | Reached skill level 3 in Axes
   408 | D:1      | Found a faded altar of an unknown god.
   591 | D:1      | Discovered your monstrous ancestry.
   591 | D:1      | Gained mutation: You have large cloven feet. [demonic
                  | ancestry]
   591 | D:1      | Reached XP level 2. HP: 24/24 MP: 3/3
  1504 | D:1      | 1504 ||| UPGRADING to +0 helmet.
  1509 | D:1      | 1509 ||| UPGRADING to +0 cloak.
  1514 | D:1      | 1514 ||| UPGRADING to +1 chain mail of poison resistance.
  1524 | D:1      | 1524 ||| DROPPING +0 robe.
  1525 | D:1      | 1525 ||| READING scroll labelled FAJUTO KIOMES.
  1526 | D:1      | 1526 ||| READING scroll labelled RILOIN XUXAS.
  1638 | D:2      | Noticed Natasha
  1641 | D:2      | 1641 ||| Stepping ~*~*~tactically~*~*~ (hiding).
  1646 | D:2      | Killed Natasha
  1647 | D:2      | Reached skill level 1 in Armour
  1647 | D:2      | Gained mutation: Your demonic aura sometimes causes spilled
                  | blood to erupt in flames. [demonic ancestry]
  1647 | D:2      | Reached XP level 3. HP: 29/29 MP: 4/4
  1672 | D:2      | Noticed Natasha
  1682 | D:2      | Killed Natasha
  1683 | D:2      | Reached skill level 4 in Axes
  1683 | D:2      | Gained mutation: You have hoof-like feet. [demonic
                  | ancestry]
  1683 | D:2      | Reached XP level 4. HP: 23/35 MP: 5/5
  1801 | D:2      | 1801 ||| Stepping ~*~*~tactically~*~*~ (stealth).
  1812 | D:2      | 1812 ||| Stepping ~*~*~tactically~*~*~ (stealth).
  1813 | D:2      | 1813 ||| Stepping ~*~*~tactically~*~*~ (stealth).
  1834 | D:2      | 1834 ||| INVOKING Fiery Armour.
  1835 | D:2      | HP: 8/35 [iguana (5)]
  1838 | D:2      | Slain by an iguana

Levels and vault maps discovered:
D:1:      dpeg_arrival_tiny_d, layout_loops_cross, serial_co_window_serial,
          co_window_corner_a, co_window_cross_1, co_window_paths_a,
          co_window_paths_a, co_window_paths_a, co_window_2corner,
          co_window_2corner, co_window_2corner, co_window_cross_2,
          co_window_broadway_a, glass_columns_b, glass_columns_a,
          glass_columns_a, glass_columns_a, glass_columns_c,
          shapermc_ecumenical_altar_totnotflames, minmay_misc_feat_cross
D:2:      layout_rooms, uniq_natasha

Skill      XL: |  1  2  3 |
---------------+----------+-----
Axes           | 3 4 |  4.3
Armour         | 1 |  1.6
Fighting       | |  3.0
Spellcasting   | |  1.0
Fire Magic     | |  2.6

Action                   |  1- 3 |  4- 6 || total
-------------------------+-------+-------++-------
Melee: Hand axe          |    55 |    19 ||    74
       Kick              |     2 |     4 ||     6
Invok: Fiery Armour      |     1 |     1 ||     2
  Use: Scroll            |     3 |       ||     3
Armor: Chain mail        |    11 |    14 ||    25
       Robe              |     1 |       ||     1
Dodge: Dodged            |    21 |    10 ||    31

Table legend:
 A = Non-vault XP
 B = Vault XP
 C = Vault XP percentage of total XP
 D = Non-vault monster count
 E = Vault monster count
 F = Vault count percentage of total count
                 A         B        C        D         E       F
            +---------+---------+-------+---------+---------+-------
      Total |      98 |      35 |  26.3 |      24 |       1 |   4.0
            +---------+---------+-------+---------+---------+-------
        D:1 |      30 |       0 |   0.0 |      17 |       0 |   0.0
        D:2 |      68 |      35 |  34.0 |       7 |       1 |  12.5
            +---------+---------+-------+---------+---------+-------
